Map: Backwater LE

Players

Losira

  • Race: Zerg Zerg
  • Spawn Location: 5:00

Patience - Winner!

  • Race: Protoss Protoss
  • Spawn Location: 11:00

Event: IEM Season 12 - Katowice

VOD

Have the link to the VOD?

Description

Time

  • Played on: Feb. 27, 2018, 12:51 p.m.
  • Length: 11:32

All games in this series

Show
View Real Time Build Order
Export as new Build Order

Losira Zerg 

Build Orders: Hatch First 

Get SALT Encoding   

  12  0:00  Drone  
  13  0:12  Overlord  
  13  0:17  Drone  
  14  0:30  Drone  
  14  0:31  Drone  
  16  0:50  Hatchery  
  16  0:51  Drone  
  16  0:55  Drone  
  17  1:01  Extractor  
  16  1:11  Spawning Pool  
  16  1:14  Drone  
  16  1:17  Drone  
  17  1:21  Drone  
  18  1:30  Drone  
  19  1:39  Overlord  
  19  1:55  Drone  
  19  1:59  Queen  
  22  2:03  Queen  
  22  2:04  Metabolic Boost  
  22  2:06  Zergling x2  
  25  2:11  Zergling x2  
  25  2:13  Zergling x2  
  27  2:17  Zergling x2  
  27  2:21  Zergling x2  
  29  2:25  Evolution Chamber  
  29  2:28  Zergling x2  
  29  2:33  Zergling x2  
  29  2:34  Zergling x2  
  31  2:43  Zergling x2  
  32  2:47  Zergling x2  
  33  2:54  Overlord  
  33  2:58  Zergling x2  
  34  3:06  Zergling x4  
  36  3:13  Zergling x2  
  36  3:15  Zergling x8  
  36  3:16  Zergling x2  
  36  3:18  Zergling x2  
  43  3:23  Zergling x2  
  43  3:31  Zergling x2  
  43  3:35  Zergling x2  
  43  3:39  Zergling x2  
  42  3:46  Zergling x2  
  42  3:48  Zergling x4  
  43  3:49  Overlord  
  43  3:51  Zergling x2  
  43  3:53  Overlord  
  43  4:05  Zergling x2  
  43  4:06  Zergling x2  
  43  4:09  Zergling x2  
  42  4:10  Zergling x2  
  42  4:14  Zergling x2  
  42  4:15  Zergling x4  
  42  4:16  Zergling x2  
  44  4:20  Zergling x2  
  44  4:21  Zergling x2  
  44  4:22  Zergling x2  
  45  4:26  Zergling x2  
  45  4:34  Overlord  
  44  4:42  Zergling x2  
  44  4:44  Zergling x2  
  43  4:46  Zergling x2  
  43  4:50  Zergling x2  
  43  4:52  Overlord  
  43  4:55  Zergling x4  
  43  4:56  Zergling x2  
  43  4:57  Zergling x2  
  43  4:58  Zergling x2  
  45  5:04  Zergling x2  
  45  5:06  Zergling x2  
  44  5:14  Zergling x2  
  44  5:15  Zergling x2  
  44  5:17  Zergling x2  
  44  5:18  Zergling x2  
  44  5:19  Zergling x2  
  41  5:28  Zergling x8  
  39  5:39  Zergling x4  
  39  5:50  Zergling x2  
  39  5:52  Zergling x2  
  36  5:57  Zergling x2  
  36  5:58  Zergling x6  
  36  5:59  Zergling x4  
  36  6:02  Zergling x2  
  36  6:03  Zergling x2  
  43  6:11  Queen  
  41  6:12  Drone  
  42  6:18  Drone  
  42  6:23  Drone  
  42  6:24  Drone  
  43  6:25  Drone  
  43  6:26  Drone  
  43  6:30  Drone  
  43  6:34  Drone  
  43  6:37  Drone  
  43  6:38  Drone x2  
  45  6:44  Spore Crawler, Drone  
  44  6:48  Drone  
  44  6:49  Spore Crawler  
  44  6:51  Drone  
  45  6:54  Drone  
  45  7:00  Drone x2  
  48  7:03  Overlord  
  45  7:16  Overlord  
  45  7:18  Overlord  
  45  7:23  Drone x2  
  45  7:25  Drone x3  
  45  7:26  Drone  
  51  7:31  Overlord  
  51  7:35  Drone  
  51  7:36  Drone  
  53  7:37  Drone  
  53  7:38  Drone  
  53  7:40  Drone  
  53  7:42  Drone  
  52  7:49  Drone  
  52  7:50  Drone  
  47  7:51  Drone  
  47  7:54  Drone  
  47  7:56  Drone  
  50  7:59  Drone  
  50  8:04  Drone x2  
  50  8:05  Drone  
  54  8:10  Zerg Missile Weapons Level 1  
  53  8:23  Hatchery  
  53  8:24  Drone  
  53  8:25  Drone  
  54  8:30  Extractor  
  54  8:32  Roach Warren  
  52  8:39  Drone x4  
  56  8:46  Drone  
  56  8:47  Extractor  
  56  8:53  Overlord  
  53  9:13  Roach  
  53  9:14  Roach x10  
  53  9:15  Overlord  
  74  9:18  Overlord  
  73  9:26  Roach  
  73  9:28  Roach  
  75  9:33  Queen x2  
  75  9:35  Roach  
  81  9:52  Overlord x2, Hatchery  
  80  9:59  Extractor  
  79  10:09  Queen  
  79  10:13  Ravager  
  79  10:14  Ravager x2  
  84  10:15  Roach x3  
  84  10:19  Roach x3  
  90  10:22  Queen  
  90  10:26  Roach  
  94  10:29  Roach  
  94  10:34  Overlord  
  96  10:44  Ravager x2  
  96  10:45  Zergling x2  
  96  10:46  Zergling x10  
  104  10:51  Ravager  
  104  10:53  Zergling x6  
  104  10:56  Zergling x2  
  109  10:58  Ravager  
  109  10:59  Ravager  
  109  11:03  Zergling x2  
  109  11:04  Zergling x6  
  115  11:05  Ravager  
  108  11:15  Zergling x6  
Show
View Real Time Build Order
Export as new Build Order

Patience Protoss - Winner!

Build Orders: 1 Gate Expand, Oracle Opening, Phoenix Opening 

Get SALT Encoding   

  12  0:00  Probe  
  13  0:13  Probe  
  14  0:17  Pylon  
  14  0:25  Probe  
  15  0:35  Gateway  
  15  0:40  Probe (Chrono Boost)  
  16  0:43  Assimilator  
  16  0:48  Probe (Chrono Boost)  
  17  0:55  Probe  
  18  1:07  Probe  
  19  1:20  Probe  
  20  1:27  Nexus  
  20  1:37  Cybernetics Core  
  20  1:39  Probe  
  21  1:45  Assimilator  
  21  1:51  Probe  
  21  1:54  Pylon  
  22  2:03  Probe  
  23  2:12  Adept (Chrono Boost)  
  25  2:15  Probe  
  25  2:17  Stargate  
  26  2:28  Probe  
  27  2:30  Adept  
  29  2:40  Probe x2  
  31  2:52  Probe  
  31  2:53  Probe  
  33  3:00  Oracle (Chrono Boost)  
  33  3:01  Pylon  
  37  3:10  Adept  
  37  3:11  Gateway  
  38  3:15  Probe  
  38  3:16  Probe  
  40  3:29  Phoenix (Chrono Boost)  
  41  3:38  Probe  
  42  3:47  Probe  
  43  3:49  Oracle (Chrono Boost)  
  43  3:50  Probe  
  47  4:04  Pylon  
  47  4:05  Pylon  
  47  4:08  Pylon  
  45  4:13  Pylon  
  45  4:22  Oracle (Chrono Boost)  
  47  4:33  Cybernetics Core  
  47  4:46  Gateway  
  47  4:51  Oracle (Chrono Boost)  
  47  4:52  Pylon  
  50  5:00  Gateway  
  50  5:03  Pylon  
  50  5:04  Pylon  
  44  5:22  Probe x2  
  44  5:24  Oracle (Chrono Boost)  
  46  5:31  Gateway  
  46  5:36  Adept  
  46  5:40  Probe  
  49  5:49  Gateway  
  49  5:53  Warp Gate (Chrono Boost), Pylon  
  49  6:01  Pylon  
  49  6:06  Oracle  
  49  6:10  Probe  
  53  6:15  Sentry (Chrono Boost)  
  53  6:18  Probe, Pylon  
  56  6:24  Probe  
  57  6:30  Gateway  
  57  6:33  Probe  
  57  6:36  Probe  
  59  6:40  Sentry (Chrono Boost)  
  59  6:45  Probe  
  62  6:48  Probe  
  63  6:57  Probe  
  63  6:58  Assimilator x2  
  63  7:01  Probe  
  62  7:09  Probe  
  62  7:13  Probe, Robotics Facility  
  64  7:17  Twilight Council  
  64  7:20  Pylon  
  64  7:21  Probe  
  65  7:25  Probe  
  66  7:32  Pylon  
  66  7:33  Probe  
  67  7:37  Probe  
  62  7:51  Probe  
  62  7:53  Templar Archives  
  62  7:55  Charge (Chrono Boost)  
  62  7:57  Gateway  
  63  7:59  Gateway  
  63  8:02  Gateway  
  67  8:13  Warp Prism (Chrono Boost)  
  65  8:20  Pylon  
  65  8:21  Probe x2  
  67  8:27  Pylon x2  
  67  8:33  Nexus  
  67  8:39  Immortal (Chrono Boost)  
  71  8:47  Zealot x3  
  77  9:08  Adept  
  77  9:09  High Templar x3  
  83  9:10  Zealot, High Templar  
  83  9:11  Probe x2  
  83  9:15  Archon x2, Immortal (Chrono Boost)  
  93  9:37  Sentry x2  
  97  9:44  Immortal (Chrono Boost)  
  101  9:48  Forge  
  101  9:53  Zealot x4  
  101  9:58  Pylon  
  111  10:22  Zealot x3  
  111  10:23  Zealot x3  
  111  10:24  Immortal (Chrono Boost)  
  125  10:29  Probe x3  
  128  10:46  High Templar x2  
  128  10:47  Zealot x2, High Templar x2  
  128  10:49  Probe  
  141  10:53  Pylon, Archon x2  
  141  10:54  Pylon  
  141  11:04  Probe x2  
  112  11:18  Zealot x2  
  112  11:19  Zealot x4  
  109  11:31  Assimilator x2  

Tags
 
Add a new tag
Caveats
  • Supply blocks, unpowered buildings, or Contaminate may cause inaccurate times.
  • Supply counts are checked every 10 seconds.